AoeStats
← El Fantasma de Pancho Villa

Pilgrims

510223460Analyzed
4v4 RM · 22h ago on Sep 30, 2026· 38m 30s· 8 players
Game mode
Random Map
Map size
Large (8 player)
Population
200
Speed
Normal
Resources
Standard
Victory
Conquest
Starting age
Dark Age
Ending age
Imperial Age
RankedLock teamsTeams togetherTeam positionsShared explorationLock speedFull tech treeHidden civsTurbo modeCheats
Victory
Defeat
🇹🇼 Mongols · Taiwan
1163
+14
🇺🇸 Cumans · United States
1157
+14
🇧🇷 Shu · Brazil
1146
+14
🇲🇽 Magyars · Mexico
1004
+20
🇺🇸 Danes · United States
1160
-18
🇺🇸 Hindustanis · United States
1154
-17
🇺🇸 Varangians · United States
1141
-17
🇺🇸 Saxons · United States
978
-10
chocksidewalk
9:18 Loom
11:12 Feudal Age
13:04 Horse Collar
13:10 Double-Bit Axe
18:17 Castle Age
Fridge96
9:13 Loom
12:40 Feudal Age
17:23 Bloodlines
22:42 Castle Age
21:03 Scale Barding Armor
21:09 Forging
20:50 Double-Bit Axe
22:07 Horse Collar
22:21 Gold Mining
25:52 Bow Saw
26:37 Husbandry
31:24 Scale Mail Armor
32:02 Iron Casting
35:51 Scale Mail Armor
37:26 Chain Mail Armor
TradeMarkky
6:57 Loom
25:53 Feudal Age
26:15 Horse Collar
26:25 Double-Bit Axe
33:01 Gold Mining
34:11 Padded Archer Armor
34:02 Fletching
Theothegoth
4:57 Loom
10:12 Feudal Age
10:44 Double-Bit Axe
14:16 Wheelbarrow
17:13 Castle Age
16:45 Forging
24:31 Hand Cart
26:32 Stone Mining
29:47 Horse Collar
30:47 Scale Mail Armor
34:01 Iron Casting
34:05 Bow Saw
34:04 Heavy Plow
34:23 Arson
34:39 Squires
35:23 Fishing Lines
35:11 Pikeman
36:10 Chain Mail Armor
K
7:05 Loom
11:17 Feudal Age
12:01 Double-Bit Axe
14:01 Fletching
16:18 Padded Archer Armor
17:45 Wheelbarrow
20:55 Castle Age
21:52 Medium Warships
21:56 Bodkin Arrow
24:27 Leather Archer Armor
26:29 Bow Saw
26:14 Pikeman
26:26 Crossbowman
28:04 Thumb Ring
31:25 Gold Mining
32:56 Ballistics
35:56 Imperial Age
34:53 Forging
36:03 Arbalester
37:46 Chemistry
36:13 Capped Ram
37:29 Bracer
38:34 Ring Archer Armor
37:52 Arrowslits
38:30 Siege Ram
El Fantasma de Pancho Villa
5:55 Loom
11:28 Feudal Age
12:10 Feudal Age
12:34 Man-at-Arms
13:46 Scale Mail Armor
15:01 Double-Bit Axe
18:18 Forging
26:17 Fletching
30:23 Wheelbarrow
34:26 Castle Age
34:31 Long Swordsman
34:36 Capped Ram
36:33 Chain Mail Armor
37:43 Iron Casting
mariourigar
13:01 Feudal Age
13:25 Loom
13:40 Double-Bit Axe
16:04 Wheelbarrow
18:31 Wheelbarrow
22:42 Castle Age
20:59 Scale Barding Armor
20:55 Scale Mail Armor
21:18 Fletching
21:29 Padded Archer Armor
21:51 Horse Collar
24:26 Bloodlines
26:23 Light Cavalry
27:04 Husbandry
28:44 Bow Saw
32:44 Chain Mail Armor
32:49 Chain Barding Armor
32:44 Chain Mail Armor
32:49 Chain Barding Armor
32:44 Chain Mail Armor
32:49 Chain Barding Armor
32:44 Chain Mail Armor
32:50 Chain Barding Armor
36:28 Hand Cart
35:59 Town Watch
popibo
12:58 Feudal Age
11:13 Loom
15:44 Fishing Lines
18:34 Castle Age
16:34 Double-Bit Axe
20:16 Bloodlines
20:17 Gillnets
20:47 Bow Saw
21:06 Scale Barding Armor
21:17 Gold Mining
21:23 Horse Collar
24:35 Stone Mining
27:48 Wheelbarrow
27:45 Heavy Plow
30:52 Gold Shaft Mining
30:52 Stone Shaft Mining
30:13 Fletching
30:24 Padded Archer Armor
30:56 Husbandry
33:36 Imperial Age
31:24 Hand Cart
31:15 Nomads
31:28 Bodkin Arrow
32:08 Thumb Ring
33:38 Ballistics
33:53 Leather Archer Armor
34:46 Conscription
33:50 Elite Mangudai
34:38 Bracer
35:36 Parthian Tactics
36:44 Chemistry
35:54 Siege Engineers
36:04 Siege Engineers
36:58 Murder Holes
37:14 Masonry
37:33 Drill
Connection lost

Rejoining the realm…

Still unreachable

The connection could not be restored.

Session expired

The server has moved on; the page needs a fresh start.